 Dungeon Crawl Stone Soup version 0.21-a0-615-g8e08f28 (webtiles) character file.

328 Firecrotchwizard the Slasher (level 6, -2/33 HPs)
             Began as a Vine Stalker Fighter on Dec 22, 2017.
             Succumbed to Chizzley's ghost's poison
             ... on level 4 of the Dungeon.
             The game lasted 00:05:20 (2115 turns).

Firecrotchwizard the Slasher (Vine Stalker Fighter) Turns: 2115, Time: 00:05:20

Health: -2/33      AC: 12    Str: 19    XL:     6   Next: 50%
Magic:  1/7        EV:  5    Int:  8    God:
Gold:   82         SH:  9    Dex: 15    Spells: 5/5 levels left

rFire    . . .     SeeInvis .   a - +0 long sword
rCold    . . .     Gourm    .   c - +0 shield
rNeg     . . .     Faith    .   l - +0 chain mail
rPois    +         Spirit   +   p - +1 helmet
rElec    .         Reflect  .   (no cloak)
rCorr    .         Harm     .   o - +0 pair of gloves
MR       .....                  (no boots)
Stlth    ..........             (no amulet)
HPRegen  0.51/turn              b - ring of poison resistance {rPois, !d}
MPRegen  0.10/turn              (no ring)

@: lethally poisoned (-2 -> -32)
A: fangs 2, regeneration 1, magic shield, antimagic bite, no potion heal 3, rot
immunity
a: no special abilities


You were on level 4 of the Dungeon.
You were not hungry.

You visited 1 branch of the dungeon, and saw 4 of its levels.

You collected 82 gold pieces.

Inventory:

Hand Weapons
 a - a +0 long sword (weapon)
Armour
 c - a +0 shield (worn)
 l - a +0 chain mail (worn)
   (You took it off an orc on level 3 of the Dungeon)
 o - a +0 pair of gloves (worn)
   (You found it on level 2 of the Dungeon)
 p - a +1 helmet (worn)
   (You found it on level 2 of the Dungeon)
Jewellery
 b - a ring of poison resistance (left hand) {rPois, !d}
   (You found it on level 3 of the Dungeon)
Wands
 g - a wand of polymorph (5)
   (You found it on level 2 of the Dungeon)
Scrolls
 j - 3 scrolls of amnesia {unknown}
 k - a scroll of remove curse {unknown}
 n - a scroll of random uselessness {unknown}
 q - a scroll of teleportation {unknown}
 r - a scroll of magic mapping {unknown}
Potions
 d - a potion of might
 h - 2 potions of curing
Comestibles
 f - 5 rations {@e1}


   Skills:
 + Level 3.6 Fighting
 * Level 4.1 Long Blades
 + Level 3.3 Armour
 + Level 3.7 Shields


You had 5 spell levels left.
You didn't know any spells.

Dungeon Overview and Level Annotations

Branches:
Dungeon (4/15)
 Temple: D:4-7

Altars:

Annotations:
D:3 Foxy's ghost, amateur HOGl
D:4 Chizzley's ghost, novice SpEn


Innate Abilities, Weirdness & Mutations

You have extremely sharp teeth.
Your natural rate of healing is unusually fast.
When hurt, damage is shared between your health and your magic reserves.
Your bite disrupts and absorbs the magic of your enemies.
Potions cannot restore your health.
You are immune to rotting.


Message History

f - 5 rations {@e1} (gained 1)
A quokka comes into view.
A quokka is nearby!
You block the quokka's attack. The quokka barely misses you.
You closely miss the quokka. You bite the quokka. You drain its power.
The quokka barely misses you.
You hit the quokka.
You kill the quokka!
No target in view!
You see here 22 stones.
j - 3 scrolls labeled QIESAG ZISOBB (gained 1)
Found a stone staircase leading down.
There is a stone staircase leading down here.
There is a stone staircase leading down here.
You see here a dagger.
You see here a flail.
You see here a club.
All of the chunks of flesh in your inventory have rotted away.
Done exploring.
(D) Dungeon
Where to? (Enter - D:2 @ (x,y), ? - help) Foxy's ghost turns its malevolent gaze towards you.
Foxy's ghost is too close now for your liking.
Things that are here:
a scale mail; a club You block Foxy's ghost's attack.
There is a stone staircase leading down here.
You see here a stone.
Foxy's ghost hits you.
You climb downwards.
An ooze comes into view.
Found an escape hatch in the ceiling.
Found a stone staircase leading down.
There is a stone staircase leading up here.
You take 3 damage, and have 30/33 hp.
You now have 6/7 mp.
The ooze hits you but does no damage.
You hit the ooze. You bite the ooze, but do no damage.
You block the ooze's attack.
You hit the ooze. You bite the ooze. You drain its power.
You feel invigorated. You block the ooze's attack.
MP restored: 7 You hit the ooze.
You kill the ooze!
Health restored: 33 No target in view!
h - 2 potions of curing (gained 1) Chizzley's ghost (novice Spriggan Enchanter) comes into view.
It is wielding a weapon of venom.
Here: Chizzley's ghost, wielding a weapon of venom (hasn't noticed you)
The floor.
Unknown command.
Chizzley's ghost is nearby!
Chizzley's ghost turns its malevolent gaze towards you.
Chizzley's ghost casts a spell at you. You resist with some effort.
Chizzley's ghost casts a spell at you. You block the spray of energy.
Chizzley's ghost gestures at you while chanting.
The spray of energy hits you!
You are confused.
You take 15 damage, and have 18/33 hp.
MASSIVE DAMAGE!!
You now have 4/7 mp.
You bump into the rock wall.
You bump into the rock wall.
You closely miss Chizzley's ghost. Chizzley's ghost casts a spell at you.
The spray of energy hits you!
You are more confused.
You take 10 damage, and have 10/33 hp.
MASSIVE DAMAGE!!
You now have 2/7 mp.
You closely miss Chizzley's ghost. Your bite misses Chizzley's ghost.
Chizzley's ghost hits you but does no damage.
You are poisoned.
Chizzley's ghost hits you but does no damage.
You are more poisoned.
You're too confused!
You bump into the rock wall.
You feel sick.
Chizzley's ghost hits you but does no damage.
You are lethally poisoned!
You take 1 damage, and have 10/33 hp.
Your shield and chain mail prevent you from hitting Chizzley's ghost.
* * * LOW HITPOINT WARNING * * *
You feel very sick. Chizzley's ghost casts a spell at you.
You resist with some effort.
You take 3 damage, and have 7/33 hp.
You miss Chizzley's ghost. Your bite misses Chizzley's ghost.
* * * LOW HITPOINT WARNING * * *
You feel very sick.
Chizzley's ghost hits you but does no damage.
You are more poisoned.
You take 2 damage, and have 5/33 hp.
You bump into the rock wall.
* * * LOW HITPOINT WARNING * * *
You feel sick. Chizzley's ghost hits you.
* * * LOW HITPOINT WARNING * * *
You are more poisoned.
You take 4 damage, and have 1/33 hp.
You now have 1/7 mp.
You feel less confused.
You die...

##### .#
#.###...#######.# #.#
#......<........#...
#####......######.#
........<...#....#
#...>##...#.#...
......+....#.#.###+##
#.....#@W............
#..#. #.#.##.........
...#. ###.##.........
#.##.........
#.##....W....
#W##.........
#............
########...## ...#


You could see Chizzley's ghost.

Vanquished Creatures
  Sigmund (D:3)
  A jelly (D:2)
  A hound skeleton (D:3)
  5 adders
  4 oozes
  2 worms (D:2)
  3 leopard geckos
  6 orcs (D:3)
  2 giant cockroaches
  3 goblins
  2 hobgoblins
  4 jackals
  A quokka (D:3)
  3 ball pythons
  8 bats
  2 frilled lizards (D:2)
  7 kobolds
  6 rats
61 creatures vanquished.

Notes
Turn   | Place    | Note
-------+----------+-------------------------------------------
     0 | D:1      | Firecrotchwizard the Vine Stalker Fighter began the quest for the Orb.
     0 | D:1      | Reached XP level 1. HP: 11/11 MP: 2/2
    81 | D:1      | Reached skill level 2 in Long Blades
   116 | D:1      | Reached XP level 2. HP: 14/16 MP: 3/3
   755 | D:2      | Reached skill level 3 in Fighting
   755 | D:2      | Reached skill level 3 in Shields
   755 | D:2      | Reached XP level 3. HP: 15/20 MP: 4/4
   923 | D:2      | Gained mutation: Your natural rate of healing is unusually fast. [Vine Stalker growth]
   923 | D:2      | Reached XP level 4. HP: 22/24 MP: 5/5
  1142 | D:2      | Reached skill level 3 in Long Blades
  1350 | D:3      | Noticed Foxy's ghost (amateur HOGl)
  1421 | D:3      | Reached XP level 5. HP: 28/28 MP: 6/6
  1441 | D:3      | Reached skill level 3 in Armour
  1528 | D:3      | Noticed Sigmund
  1538 | D:3      | HP: 6/28 [something (3)]
  1544 | D:3      | HP: 7/28 [something (2)]
  1546 | D:3      | HP: 2/28 [something (5)]
  1552 | D:3      | Killed Sigmund
  1552 | D:3      | Reached XP level 6. HP: 2/32 MP: 7/7
  1624 | D:3      | Reached skill level 4 in Long Blades
  2096 | D:4      | Noticed Chizzley's ghost (novice SpEn)
  2112 | D:4      | HP: 7/33 [poisoned by Chizzley's ghost]
  2114 | D:4      | HP: 3/33 [poisoned by Chizzley's ghost]
  2114 | D:4      | HP: 1/33 [Chizzley's ghost (2)]
  2115 | D:4      | Succumbed to Chizzley's ghost's poison

Vault maps used:
D:1:      lightli_arrival_noodles, minmay_shallow_snake_nest
D:2:      kennysheep_doodads
D:3:      uniq_sigmund
D:4:      uniq_menkaure

Skill      XL: |  1  2  3  4  5  6 |
---------------+-------------------+-----
Long Blades    | 2 3 4 |  4.1
Fighting       | 3 |  3.6
Shields        | 3 |  3.7
Armour         | 3 |  3.3

Action                   |  1- 3 |  4- 6 || total
-------------------------+-------+-------++-------
Melee: Long sword        |    57 |   129 ||   186
       Bite              |    18 |    44 ||    62
  Use: Scroll            |     1 |     1 ||     2
       Potion            |       |     2 ||     2
  Eat: Chunk             |       |     4 ||     4
Armor: Scale mail        |    24 |    51 ||    75
       Chain mail        |       |     6 ||     6
Dodge: Dodged            |    21 |    27 ||    48
Block: Shield            |    39 |    66 ||   105
       Rpst.: Long sword |    10 |     7 ||    17

Table legend:
 A = Spawn XP
 B = Non-spawn XP
 C = Spawn XP percentage of total XP
 D = Spawn monster count
 E = Non-spawn monster count
 F = Spawn count percentage of total count
 G = Total turns spent on level
                    A         B        C        D         E        F      G
               +---------+---------+-------+---------+---------+-------+---------
         Total |       0 |     469 |   0.0 |       0 |      61 |   0.0 |  2115
               +---------+---------+-------+---------+---------+-------+---------
           D:1 |       0 |      27 |   0.0 |       0 |      19 |   0.0 |   742
           D:2 |       0 |     101 |   0.0 |       0 |      19 |   0.0 |   671
           D:3 |       0 |     334 |   0.0 |       0 |      22 |   0.0 |   658
           D:4 |       0 |       7 |   0.0 |       0 |       1 |   0.0 |    44
               +---------+---------+-------+---------+---------+-------+---------

Vault maps used:
D:1:      lightli_arrival_noodles, minmay_shallow_snake_nest
D:2:      kennysheep_doodads
D:3:      uniq_sigmund
D:4:      uniq_menkaure

Table legend:
 A = Turns spent in this place as a percentage of turns spent in the entire game.
 B = Non-inter-level travel turns spent in this place as a percentage of non-inter-level travel turns spent in the entire game.
 C = Inter-level travel turns spent in this place as a percentage of turns spent in this place.
 D = Turns resting spent in this place as a percentage of non-inter-level travel turns spent in this place.
 E = Turns spent auto-exploring this place as a percentage of non-inter-level travel turns spent in this place.
 F = Non-inter-level travel turns spent in this place divided by the number of levels of this place that you've seen.
                   A       B       C       D       E      F
               +-------+-------+-------+-------+-------+----------------------
         Total | 100.0 | 100.0 |   6.2 |   7.4 |  69.8 | 495.8
       Dungeon | 100.0 | 100.0 |   6.2 |   7.4 |  69.8 | 495.8
               +-------+-------+-------+-------+-------+----------------------

Table legend:
 A = Kills in this place as a percentage of kills in entire the game.
 B = Kills by you in this place as a percentage of kills by you in the entire game.
 C = Kills by friends in this place as a percentage of kills by friends in the entire game.
 D = Other kills in this place as a percentage of other kills in the entire game.
 E = Experience gained in this place as a percentage of experience gained in the entire game.
 F = Experience gained in this place divided by the number of levels of this place that you have seen.
                   A       B       C       D       E      F
               +-------+-------+-------+-------+-------+----------------------
         Total | 100.0 | 100.0 |   N/A |   N/A | 100.0 | 117.2
       Dungeon | 100.0 | 100.0 |   N/A |   N/A | 100.0 | 117.2
               +-------+-------+-------+-------+-------+----------------------
